 Dungeon Crawl Stone Soup version 0.20-a0-259-gc929cd2 (webtiles) character file.

510 Darkfold the Slasher (level 6, -2/51 HPs)
             Began as a Demonspawn Fighter on Dec 3, 2016.
             Killed by divine providence
             ... invoked by an orc priest
              (15 damage)
             ... on level 4 of the Dungeon.
             The game lasted 00:08:59 (7539 turns).

Darkfold the Slasher (Demonspawn Fighter)           Turns: 7539, Time: 00:09:00

Health: -2/51      AC: 15    Str: 18    XL:     6   Next: 98%
Magic:  6/6        EV:  2    Int: 10    God:
Gold:   139        SH:  8    Dex: 12    Spells: 5/5 levels left

rFire  . . .     SeeInvis .     a - +0 long sword
rCold  + . .     Gourm    .     h - +0 plate armour
rNeg   . . .     Faith    .     c - +0 shield
rPois  .         Spirit   .     o - +1 helmet
rElec  .         Reflect  .     (no cloak)
rCorr  .         Harm     .     (no gloves)
MR     .....                    (no boots)
Stlth  ..........               (no amulet)
                                (no ring)
                                (no ring)

@: drained
A: talons 1, molten scales 1, cold resistance 1, demonic guardian 1
a: no special abilities


You were on level 4 of the Dungeon.
You were not hungry.

You visited 1 branch of the dungeon, and saw 4 of its levels.
You also visited: Sewer.

You collected 139 gold pieces.

Inventory:

Hand Weapons
 a - a +0 long sword (weapon)
Armour
 b - a +2 hat
 c - a +0 shield (worn)
 h - a +0 plate armour (worn)
 o - a +1 helmet (worn)
Scrolls
 g - 2 scrolls of remove curse
 j - 2 scrolls of teleportation {unknown}
 m - a scroll of enchant weapon {unknown}
 p - a scroll of amnesia {unknown}
 q - a scroll of fear {unknown}
 r - a scroll of blinking {unknown}
 t - 2 scrolls of recharging {unknown}
Potions
 d - 2 potions of might
 e - 6 potions of curing
 i - a potion of heal wounds {unknown}
 k - a potion of lignification
 l - a potion of magic {unknown}
Comestibles
 f - a bread ration
 n - 4 fruits
 s - a royal jelly
 u - 6 chunks of flesh
 v - a meat ration


   Skills:
 + Level 5.2(4.6) Fighting
 * Level 5.6(5.0) Long Blades
 - Level 2.6(2.0) Armour
 - Level 2.6(2.0) Shields


You had 5 spell levels left.
You didn't know any spells.

Dungeon Overview and Level Annotations

Branches:
Dungeon (4/15)
 Temple: D:4-7

Altars:
Ashenzari
Vehumet


Innate Abilities, Weirdness & Mutations

You have sharp toenails.
You are partially covered in molten scales. (AC +2)
Your flesh is cold resistant. (rC+)
A weak demonic guardian rushes to your aid.


Message History

* * * LOW HITPOINT WARNING * * *
You are too injured to fight recklessly!
You are too injured to fight recklessly!
You are too injured to fight recklessly!
You are too injured to fight recklessly!
You are too injured to fight recklessly!
You are too injured to fight recklessly!
You are too injured to fight recklessly!
You are too injured to fight recklessly!
You are too injured to fight recklessly!
You are too injured to fight recklessly!
You are too injured to fight recklessly!
You are too injured to fight recklessly!
You are too injured to fight recklessly!
You are too injured to fight recklessly!
You swap places.
Your iron imp disappears in a puff of smoke!
The orc priest mumbles some strange prayers to Beogh against you.
Beogh smites you!
You die...

#........#
+........#####
#....<)<.....#
#............#
#............#
#............#
#............#
#..........$.#
##+#.##+#..@.########
...##......oo...>.#
###############.##.#


You could see an orc priest and an orc.

Vanquished Creatures
  The ghost of Juniper the Skirmisher, an amateur FoAK of Lugonu (D:3)
  3 big kobolds (Sewer)
  An orc priest (D:3)
  Robin (D:3)
  5 adders
  2 river rats (Sewer)
  6 worms
  2 dart slugs
  7 leopard geckos
  6 orcs
  3 giant cockroaches
  16 goblins
  8 hobgoblins
  3 jackals (D:3)
  2 quokkas
  4 ball pythons
  7 bats
  A frilled lizard (D:1)
  10 kobolds
  12 rats
100 creatures vanquished.

Notes
Turn   | Place    | Note
-------+----------+-------------------------------------------
     0 | D:1      | Darkfold the Demonspawn Fighter began the quest for the Orb.
     0 | D:1      | Reached XP level 1. HP: 18/18 MP: 1/1
   156 | D:1      | Gained mutation: Your flesh is cold resistant. (rC+) [demonic ancestry]
   156 | D:1      | Reached XP level 2. HP: 24/24 MP: 2/2
   638 | D:2      | Found a shattered altar of Ashenzari.
   670 | D:2      | Gained mutation: You are partially covered in molten scales. (AC +2) [demonic ancestry]
   670 | D:2      | Reached XP level 3. HP: 28/29 MP: 3/3
   909 | D:2      | Found a radiant altar of Vehumet.
  1362 | D:3      | Gained mutation: A weak demonic guardian rushes to your aid. [demonic ancestry]
  1362 | D:3      | Reached XP level 4. HP: 27/37 MP: 4/4
  1440 | D:3      | Noticed Juniper's ghost (amateur FoAK)
  1448 | D:3      | Killed Juniper's ghost
  1448 | D:3      | Gained mutation: You have sharp toenails. [demonic ancestry]
  1448 | D:3      | Reached XP level 5. HP: 36/42 MP: 5/5
  1490 | D:3      | Noticed Robin
  1519 | D:3      | Killed Robin
  1806 | D:3      | Found a glowing drain.
  1822 | Sewer    | Entered a sewer
  2031 | Sewer    | Reached XP level 6. HP: 48/49 MP: 6/6
  7133 | Sewer    | Reached skill level 5 in Long Blades
  7157 | Sewer    | Reached skill level 5 in Fighting
  7539 | D:4      | Killed from afar by an orc priest

Vault maps used:
D:1:      evilmike_arrival_run_for_it
D:2:      vehumet_crystals, evilmike_ruin_ashenzari, grunt_ministairs_10
D:3:      first_bread, portal_sewer_entry_f, uniq_robin
D:4:      uniq_blork_the_orc, uniq_grinder
Sewer:    sewer_co_15_rooms

Skill      XL: |  1  2  3  4  5  6 |
---------------+-------------------+-----
Long Blades    | 2 3 4 5 |  5.6
Fighting       | 4 5 |  5.2
Armour         | |  2.6
Shields        | |  2.6

Action                   |  1- 3 |  4- 6 || total
-------------------------+-------+-------++-------
Melee: Long sword        |   153 |   294 ||   447
       Kick              |       |    50 ||    50
  Use: Scroll            |       |     4 ||     4
 Stab: Distracted        |       |     2 ||     2
  Eat: Chunk             |     2 |     3 ||     5
       Bread ration      |       |     4 ||     4
Armor: Plate armour      |   111 |   168 ||   279
       Scale mail        |     1 |       ||     1
Dodge: Dodged            |     6 |    25 ||    31
Block: Shield            |    58 |   118 ||   176
       Rpst.: Long sword |       |    11 ||    11
